 Dungeon Crawl Stone Soup version 0.29.1-15-g9cfb28693d (webtiles) character file.

Game seed: 9711156885546218865

2 trystan the Grave Robber (level 1, 0/14 HPs)
             Began as a Ghoul Necromancer on Apr 21, 2023.
             Slain by a giant cockroach (2 damage)
             ... on level 1 of the Dungeon.
             The game lasted 00:01:32 (114 turns).

trystan the Grave Robber (Ghoul Necromancer)         Turns: 114, Time: 00:01:32

Health: 0/14       AC:  2    Str: 11    XL:     1   Next: 30%
Magic:  1/2        EV: 12    Int: 10    God:
Gold:   21         SH:  0    Dex:  9    Spells: 2/3 levels left

rFire   . . .      SeeInvis .   (no weapon)
rCold   + . .      Faith    .   (no shield)
rNeg    + + +      Spirit   .   a - +0 robe
rPois   ∞          Reflect  .   (no helmet)
rElec   .          Harm     .   (no cloak)
rCorr   .          Rampage  .   (no gloves)
Will    .....                   (no boots)
Stlth   ++........              (no amulet)
HPRegen 0.00/turn               (no ring)
MPRegen 0.08/turn               (no ring)

@: inhibited regen
A: claws 1, cold resistance 1, negative energy resistance 3, inhibited
regeneration, torment resistance 2, devour on kill
a: no special abilities


You were on level 1 of the Dungeon.
You visited 1 branch of the dungeon, and saw 1 of its levels.

You collected 21 gold pieces.

Inventory:

Armour
 a - a +0 robe (worn)
 c - a +0 pair of boots
Jewellery
 d - a ring of resist corrosion
Scrolls
 e - a scroll of teleportation {unknown}
Potions
 b - a potion of magic


   Skills:
 + Level 1.7 Dodging
 + Level 2.2 Stealth
 + Level 0.2 Unarmed Combat
 + Level 1.7 Spellcasting
 + Level 4.0 Necromancy


You had 2 spell levels left.
You knew the following spells:

 Your Spells              Type           Power      Damage    Failure   Level
a - Necrotise             Necr           36%        1d5       6%          1

Your spell library contained the following spells:

 Spells                   Type           Power      Damage    Failure   Level
 Vampiric Draining        Necr           9%         2d6       19%         3
 Animate Dead             Necr           9%         N/A       52%         4
 Agony                    Necr           9%         N/A       86%         5


Dungeon Overview and Level Annotations

Branches:
Dungeon (1/15)

Altars:


Innate Abilities, Weirdness & Mutations

You are immune to poison.
You have sharp fingernails.
Your flesh is cold resistant. (rC+)
You are immune to negative energy. (rN+++)
You do not regenerate when monsters are visible.
You are immune to unholy pain and torment.
You thrive by killing the living.


Message History

The rat is moderately wounded.
The goblin hits you with a +0 dagger. The rat bites you but does no damage.
Your magical contamination has completely faded away.
You scratch the rat.
The rat is severely wounded.
The goblin closely misses you. The rat closely misses you.
You scratch the rat but do no damage.
The rat is severely wounded.
The goblin barely misses you. The rat misses you.
You closely miss the rat.
The rat is severely wounded.
The rat bites you. The goblin closely misses you.
You closely miss the rat.
The rat is severely wounded.
The goblin hits you but does no damage. The rat bites you but does no damage.
You barely miss the rat.
The rat is severely wounded.
The goblin hits you with a +0 dagger. The rat closely misses you.
You scratch the rat.
You kill the rat!
You feel better. The goblin hits you with a +0 dagger.
You see here a rat corpse.
The goblin attacks as you move away! The goblin closely misses you.
The goblin hits you but does no damage. The goblin attacks as you move away!
The goblin hits you with a +0 dagger.
* * * LOW HITPOINT WARNING * * *
The giant cockroach attacks as you move away!
The giant cockroach bites you.
* * * LOW HITPOINT WARNING * * *
The giant cockroach misses you. The goblin attacks as you move away!
The goblin hits you but does no damage. The giant cockroach misses you.
The giant cockroach attacks as you move away!
The giant cockroach bites you but does no damage.
A ball python comes into view.
Found a scroll labelled WAMNEA YKKEU.
The giant cockroach barely misses you.
The ball python hisses angrily.
The giant cockroach attacks as you move away!
The giant cockroach bites you.
You die...

..#.#............# #.#.#
###.#.##.##.###### ####.#.#
#......##.########..#.#..#
###.......##.......#.###...
###...####.#.#...†...#.###
#...# #......####.#.# #...#
#.#.#..# ... #>..# #...Bg.#
[#.# #...# ###@##...# ..B..
#...# #..S....# .# ... .
..... .....#.#.# .# ... ...
..#........# .. ... ....
... #....#.#..? #### ..
#.##.....## . #. ###.... #.
..##


You could see a giant cockroach, a goblin and a ball python.

Vanquished Creatures
  An endoplasm (D:1)
  A rat (D:1)
2 creatures vanquished.

Notes
Turn   | Place    | Note
-------+----------+-------------------------------------------
     0 | D:1      | trystan the Ghoul Necromancer began the quest for the Orb.
     0 | D:1      | Reached XP level 1. HP: 14/14 MP: 2/2
   114 | D:1      | Slain by a giant cockroach

Illustrated notes

Levels and vault maps discovered:
D:1:      ldierk_walled_garden, layout_loops_cross, serial_co_window_serial,
          co_window_paths_b, co_window_corner_a, co_window_of_opportunity_a,
          co_window_paths_b, co_window_paths_a, co_window_corner_cb,
          co_window_corner_b, co_window_of_opportunity_b, glass_columns_b,
          glass_columns_a, glass_columns_b, glass_columns_a, glass_columns_a,
          basic_ecumenical_altar

Action                   || total
-------------------------++-------
Melee: Unarmed           ||    10
 Cast: Necrotise         ||     3
Armor: Robe              ||     7
Dodge: Dodged            ||    12
